 Dungeon Crawl Stone Soup version 0.17.1-1-g73c8601 (webtiles) character file.

282 sageon the Stinger (level 6, 0/33 HPs)
             Began as a Deep Elf Venom Mage on Dec 31, 2015.
             Was an Initiate of Makhleb.
             Slain by a gnoll sergeant
             ... wielding a +0 spear
              (6 damage)
             ... on level 5 of the Dungeon.
             The game lasted 00:56:21 (2593 turns).

sageon the Stinger (Deep Elf Venom Mage)            Turns: 2593, Time: 00:56:21

Health: 0/33       AC:  2    Str:  5    XL:     6   Next: 6%
Magic:  9/15       EV: 14    Int: 23    God:    Makhleb [......]
Gold:   132        SH:  0    Dex: 17    Spells: 3 memorised, 8 levels left

rFire  . . .     SeeInvis .     e - +1 short sword (venom)
rCold  . . .     Clarity  .     z - +0 robe
rNeg   . . .     SustAt   .     (no shield)
rPois  .         Gourm    .     (no helmet)
rElec  .         Spirit   .     (no cloak)
rCorr  .         Warding  .     (no gloves)
rMut   .         Stasis   .     (no boots)
MR     .....                    (no amulet)
Stlth  +.........               (no ring)
                                v - +3 ring of intelligence

@: confused, invisible, not resistant to hostile enchantments, very unstealthy
A: no striking features
a: Renounce Religion


You were on level 5 of the Dungeon.
You worshipped Makhleb.
Makhleb was noncommittal.
You were not hungry.

You visited 1 branch of the dungeon, and saw 5 of its levels.

You collected 132 gold pieces.

Inventory:

Hand Weapons
 a - a +0 rapier
 e - a +1 short sword of venom (weapon)
 i - a +0 hunting sling
 m - a +0 short sword
 p - a +0 dagger
 x - a +0 mace of venom
Missiles
 f - 58 bolts
 w - 15 poisoned needles
Armour
 z - a +0 robe (worn)
Jewellery
 v - a +3 ring of intelligence (left hand)
Scrolls
 h - a scroll of noise {unknown}
 j - 6 scrolls of recharging
 r - 3 scrolls of fear {unknown}
 s - a scroll of magic mapping {unknown}
 u - 4 scrolls of remove curse {unknown}
 y - a scroll of teleportation {unknown}
Potions
 k - a potion of heal wounds
 l - 2 potions of invisibility
 o - 2 potions of lignification
 q - a potion of might {unknown}
Books
 b - a Young Poisoner's Handbook

   Spells                             Type                      Level
   a - Sting                          Conjuration/Poison           1
   b - Cure Poison                    Poison                       2
   c - Mephitic Cloud                 Conjuration/Poison/Air       3
   d - Olgreb's Toxic Radiance        Poison                       4
   e - Venom Bolt                     Conjuration/Poison           5
Comestibles
 c - 3 bread rations
 g - 4 meat rations


   Skills:
 + Level 0.4 Fighting
 + Level 0.4 Short Blades
 + Level 3.2 Dodging
 + Level 3.3 Stealth
 + Level 4.9 Spellcasting
 + Level 3.3 Conjurations
 + Level 5.5 Poison Magic


You had 8 spell levels left.
You knew the following spells:

 Your Spells              Type           Power        Failure   Level  Hunger
a - Sting                 Conj/Pois      ####         1%          1    None
b - Cure Poison           Pois           ####......   1%          2    None
c - Mephitic Cloud        Conj/Pois/Air  ###.....     10%         3    ##.....


Dungeon Overview and Level Annotations

Branches:
Dungeon (5/15)
 Temple: D:4-7

Altars:
Makhleb


Message History

A slave comes into view.
You bump into the rock wall.
You are engulfed in noxious fumes.
You choke on the stench!
You are more confused.
The gnoll sergeant hits you from afar with a spear.
The crimson imp closely misses you.
Something hits the crimson imp but does no damage.
You're too confused!
You bump into the rock wall.
You are engulfed in noxious fumes.
You choke on the stench!
You are more confused.
The gnoll sergeant hits you from afar with a spear!
* * * LOW HITPOINT WARNING * * *
The crimson imp misses you.
Drink which item? (? for menu, Esc to quit)
It was a potion of invisibility.
You fade into invisibility!
* * * LOW HITPOINT WARNING * * *
The gnoll sergeant hits you from afar with a spear.
You die...

<...# ###.### #.#
#.#.. #.# #†#.# #
#.###### #.#.#
#.#.##...#
#.#.#####.#
####.#..#...#######
#...5(.....
g.#........#......
###.#####.# #.#
#.........# ###.# #
####@# #...g.<...#
#...#
#.#.o5.###)..Y.....#
#.###
#.....§#....#...####
#.#
#$...$..§...........
#§#
#.......#...#..?####
#§#
###..p#...#.##.##
#.# ##.....##....#
#g# #..##########
###g### #..#


You could see a slave, a gnoll sergeant, an orc wizard and a crimson imp.

Vanquished Creatures
  An ogre (D:4)
  A crimson imp (D:4)
  A hound (D:4)
  An iguana (D:4)
  A worker ant (D:4)
  A gnoll (D:5)
  3 adders
  2 oozes (D:2)
  2 orcs (D:4)
  3 giant cockroaches
  3 goblins
  5 hobgoblins
  10 kobolds
  A ball python (D:1)
  6 bats
  A giant gecko (D:2)
  2 giant newts
  5 jackals
  7 rats
56 creatures vanquished.

Notes
Turn   | Place    | Note
--------------------------------------------------------------
     0 | D:1      | sageon the Deep Elf Venom Mage began the quest for the Orb.
     0 | D:1      | Reached XP level 1. HP: 10/10 MP: 6/6
   329 | D:1      | Reached XP level 2. HP: 15/15 MP: 5/8
   647 | D:2      | Reached skill level 5 in Poison Magic
   851 | D:2      | Reached XP level 3. HP: 10/19 MP: 0/10
  1189 | D:2      | Reached skill level 1 in Conjurations
  1640 | D:3      | Reached XP level 4. HP: 24/24 MP: 8/11
  1733 | D:3      | You fall through a shaft for 2 floors!
  1733 | D:5      | Entered Level 5 of the Dungeon
  1738 | D:5      | Noticed a sky beast
  1863 | D:4      | Reached XP level 5. HP: 26/28 MP: 3/13
  1886 | D:4      | Learned a level 2 spell: Cure Poison
  1964 | D:4      | Found a burning altar of Makhleb.
  1987 | D:4      | Became a worshipper of Makhleb the Destroyer
  2054 | D:4      | Learned a level 3 spell: Mephitic Cloud
  2080 | D:4      | Noticed an ogre
  2099 | D:4      | Killed an ogre
  2446 | D:4      | Reached XP level 6. HP: 7/33 MP: 1/15
  2591 | D:5      | Noticed a slave
  2593 | D:5      | Slain by a gnoll sergeant

Action                   |  1- 3 |  4- 6 || total
-------------------------+-------+-------++-------
Melee: Short sword       |    15 |    14 ||    29
 Cast: Sting             |    94 |    59 ||   153
       Mephitic Cloud    |       |     4 ||     4
  Use: Potion            |     2 |     4 ||     6
       Scroll            |     2 |     4 ||     6
  Eat: Meat ration       |     1 |       ||     1
